 Dungeon Crawl Stone Soup version 0.23-a0-448-g1c01f63 (webtiles) character file.

4 Cryolive the Digger (level 1, 0/11 HPs)
             Began as a Gargoyle Earth Elementalist on Nov 19, 2018.
             Slain by a bat (1 damage)
             ... on level 1 of the Dungeon.
             The game lasted 00:01:46 (261 turns).

Cryolive the Digger (Gargoyle Earth Elementalist)    Turns: 261, Time: 00:01:46

Health: 0/11       AC:  4    Str: 11    XL:     1   Next: 70%
Magic:  0/3        EV: 12    Int: 15    God:
Gold:   14         SH:  0    Dex: 10    Spells: 3/4 levels left

rFire    . . .     SeeInvis .   e - +0 short sword
rCold    . . .     Gourm    .   (no shield)
rNeg     + . .     Faith    .   c - +0 robe
rPois    ∞         Spirit   .   (no helmet)
rElec    +         Reflect  .   (no cloak)
rCorr    .         Harm     .   (no gloves)
MR       .....                  (no boots)
Stlth    ++........             (no amulet)
HPRegen  0.03/turn              (no ring)
MPRegen  0.08/turn              (no ring)

@: very slightly contaminated
A: negative energy resistance 1, electricity resistance, unbreathing,
petrification resistance, rot immunity, AC +2
a: no special abilities


You were on level 1 of the Dungeon.
You were not hungry.

You visited 1 branch of the dungeon, and saw 1 of its levels.

You collected 14 gold pieces.

Inventory:

Hand Weapons
 e - a +0 short sword (weapon)
Missiles
 b - 29 stones (quivered)
Armour
 c - a +0 robe (worn)
Scrolls
 a - a scroll of magic mapping {unknown}
Comestibles
 d - a ration
 f - 2 chunks of flesh


   Skills:
 + Level 0.3 Fighting
 + Level 0.3 Armour
 + Level 1.6 Dodging
 - Level 2.1 Stealth
 + Level 2.0 Spellcasting
   Level 0.7 Transmutations
 + Level 3.7 Earth Magic


You had 3 spell levels left.
You knew the following spells:

 Your Spells              Type           Power        Failure   Level  Hunger
a - Sandblast             Erth           ##....       4%          1    #......

Your spell library contained the following spells:

 Spells                   Type           Power        Failure   Level  Hunger
 Passwall                 Tmut/Erth      #.......     14%         2    ###....
 Stone Arrow              Conj/Erth      #.....       30%         3    ###....
 Petrify                  Tmut/Erth      #.......     65%         4    #####..
 Lee's Rapid Deconstruct  Erth           ##........   78%         5    ######.


Dungeon Overview and Level Annotations

Branches:
Dungeon (1/15)

Altars:


Innate Abilities, Weirdness & Mutations

You are resistant to torment.
Your stone body is resilient. (AC +2)
You are immune to poison.
You resist negative energy. (rN+)
You are resistant to electric shocks. (rElec)
You can survive without breathing.
You are immune to petrification.
You are immune to rotting.


Message History

Nothing appears to happen.
The bat barely misses you.
The leopard gecko bites you but does no damage.
The leopard gecko bites you.
* * * LOW HITPOINT WARNING * * *
Casting: Sandblast (safe; 4% risk of failure)
Confirm with . or Enter, or press ? or * to list all spells.
Aiming: Sandblast (safe; 4% risk of failure)
Press: ? - help, Shift-Dir - straight line, f/p - leopard gecko
Aim: a leopard gecko (heavily wounded, clinging)
The blast of sand misses the leopard gecko.
b - 29 stones The bat misses you.
The leopard gecko barely misses you.
Casting: Sandblast (safe; 4% risk of failure)
Confirm with . or Enter, or press ? or * to list all spells.
Aiming: Sandblast (safe; 4% risk of failure)
Press: ? - help, Shift-Dir - straight line, f/p - leopard gecko
Aim: a leopard gecko (heavily wounded, clinging)
You miscast Sandblast.
Nothing appears to happen.
The bat hits you but does no damage. The bat hits you.
You die...

###.#### #. #i#.#f# ..
###.### #. #Z#.#N# ..+
#. ###.##### ....## #.
#M#...#Z# ..... #.
#####.### .... #l##
#Z#.#p# ..#
#.@#####.####..####
#.?b.##...##.......
#....++.>.'÷.######
###....##...##.#.....
.....#+#..#####.......#
...%...##..#^#..#÷....#
#.##.......###.##.....#
.. ###.........##.....#
. .....##...#.###.....#


You could see a leopard gecko and a bat.

Vanquished Creatures
  A kobold (D:1)
  A bat (D:1)
  A goblin (D:1)
  3 rats (D:1)
6 creatures vanquished.

Notes
Turn   | Place    | Note
-------+----------+-------------------------------------------
     0 | D:1      | Cryolive the Gargoyle Earth Elementalist began the quest
                  | for the Orb.
     0 | D:1      | Reached XP level 1. HP: 10/10 MP: 3/3
     1 | D:1      | Noticed an elf
     1 | D:1      | Noticed a dwarf
    15 | D:1      | Noticed a formicid
    16 | D:1      | Noticed a spriggan
    18 | D:1      | Noticed a vine stalker
    20 | D:1      | Noticed a naga
    20 | D:1      | Noticed a minotaur zombie
    22 | D:1      | Noticed a human
   261 | D:1      | Slain by a bat

Vault maps used:
D:1:      shiori_arrival_whats_in_store_for_you

Action                   || total
-------------------------++-------
Melee: Unarmed           ||    20
       Short sword       ||    11
 Cast: Sandblast         ||     1
Armor: Robe              ||    12
Dodge: Dodged            ||    23

Table legend:
 A = Non-vault XP
 B = Vault XP
 C = Vault XP percentage of total XP
 D = Non-vault monster count
 E = Vault monster count
 F = Vault count percentage of total count
                 A         B        C        D         E       F
            +---------+---------+-------+---------+---------+-------
      Total |       7 |       0 |   0.0 |       6 |       0 |   0.0
            +---------+---------+-------+---------+---------+-------
        D:1 |       7 |       0 |   0.0 |       6 |       0 |   0.0
            +---------+---------+-------+---------+---------+-------
